 Dungeon Crawl Stone Soup version 0.23-a0-167-gf92cf62f8f (webtiles) character file.

465 PikkenKukken the Chopper (level 7, 0/61 HPs)
             Began as a Hill Orc Monk on Sept 11, 2018.
             Was a Believer of Yredelemnul.
             Slain by a sky beast (5 damage)
             ... on level 5 of the Dungeon.
             The game lasted 00:06:10 (5242 turns).

PikkenKukken the Chopper (Hill Orc Monk)            Turns: 5242, Time: 00:06:11

Health: 0/61       AC: 10    Str: 15    XL:     7   Next: 8%
Magic:  7/7        EV:  8    Int: 10    God:    Yredelemnul [**....]
Gold:   97         SH:  0    Dex: 14    Spells: 6/6 levels left

rFire    . . .     SeeInvis .   a - +0 hand axe (flame)
rCold    . . .     Gourm    .   (no shield)
rNeg     . . .     Faith    .   i - +0 chain mail
rPois    .         Spirit   .   e - +0 helmet
rElec    .         Reflect  .   (no cloak)
rCorr    .         Harm     .   (no gloves)
MR       .....                  (no boots)
Stlth    ..........             (no amulet)
HPRegen  0.20/turn              (no ring)
MPRegen  0.10/turn              (no ring)

@: no status effects
A: no striking features
a: Animate Remains, Recall Undead Slaves, Injury Mirror, Renounce Religion


You were on level 5 of the Dungeon.
You worshipped Yredelemnul.
Yredelemnul was pleased with you.
You were very hungry.

You visited 1 branch of the dungeon, and saw 5 of its levels.

You collected 97 gold pieces.

Inventory:

Hand Weapons
 a - a +0 hand axe of flaming (weapon)
Armour
 e - a +0 helmet (worn)
 i - a +0 chain mail (worn)
Wands
 k - a wand of random effects (34)
Scrolls
 f - a scroll of remove curse
 h - 2 scrolls of teleportation
Potions
 b - a potion of brilliance
 d - a potion of berserk rage {unknown}
 g - a potion of mutation {unknown}
 j - a potion of heal wounds {unknown}
Comestibles
 c - 5 rations


   Skills:
 + Level 5.2 Fighting
 * Level 7.1 Axes
 + Level 3.2 Armour
 + Level 3.6 Dodging
 - Level 1.5 Stealth


You had 6 spell levels left.
You didn't know any spells.
Your spell library was empty.

Dungeon Overview and Level Annotations

Branches:
Dungeon (5/15)
 Temple: D:4-7

Altars:
Ashenzari
Okawaru
Yredelemnul


Message History

The sky beast hits you. The sky beast shocks you.
You closely miss the sky beast.
The sky beast is heavily wounded.
The sky beast flickers out of sight!
Deactivating autopickup; reactivate with Ctrl-A.
Something hits you but does no damage.
You closely miss something. Something hits you but does no damage.
You miss something. Something hits you. Something shocks you.
* * * LOW HITPOINT WARNING * * *
Your chain mail prevents you from hitting something.
Something hits you but does no damage.
You hit something. You burn something. Something hits you.
* * * LOW HITPOINT WARNING * * *
Something shocks you.
* * * LOW HITPOINT WARNING * * *
You hit something. You burn something. Something hits you.
* * * LOW HITPOINT WARNING * * *
Something shocks you.
You die...
Your body rises from the dead as a mindless zombie.

#.........###
#...........
#..........#
#..........#
#..........# #
#..........#..#
#.........>....
#......@{.#
######†####
#....# #.####
#.##.# #....#
####.####
#.....# #.....#


There were no monsters in sight!

Vanquished Creatures
  4 orc wizards
  3 orc priests
  2 iguanas (D:5)
  Natasha (thrice) (D:2)
  5 adders
  An ooze (D:1)
  2 worms (D:3)
  3 leopard geckos
  14 orcs
  4 giant cockroaches
  A goblin (D:3)
  10 hobgoblins
  5 jackals
  5 kobolds
  3 quokkas
  5 bats
  5 frilled lizards
  6 rats
81 creatures vanquished.

Notes
Turn   | Place    | Note
-------+----------+-------------------------------------------
     0 | D:1      | PikkenKukken the Hill Orc Monk began the quest for the Orb.
     0 | D:1      | Reached XP level 1. HP: 19/19 MP: 1/1
    50 | D:1      | HP: 1/20 [jackal (2)]
   485 | D:1      | Reached XP level 2. HP: 27/27 MP: 2/2
   897 | D:1      | Reached skill level 1 in Armour
  1097 | D:2      | Reached XP level 3. HP: 30/33 MP: 3/3
  1196 | D:2      | Found a faded altar of an unknown god.
  1208 | D:2      | Reached skill level 5 in Axes
  1248 | D:2      | Reached XP level 4. HP: 6/40 MP: 4/4
  1257 | D:2      | HP: 3/60 [poisoned by an adder]
  1265 | D:2      | HP: 3/60 [poisoned by an adder]
  1273 | D:2      | HP: 2/60 [poisoned by an adder]
  1941 | D:2      | Noticed Natasha
  1961 | D:2      | Killed Natasha
  2184 | D:2      | Noticed Natasha
  2195 | D:2      | Killed Natasha
  2349 | D:2      | Found a basalt altar of Yredelemnul.
  2385 | D:2      | Noticed Natasha
  2400 | D:2      | Killed Natasha
  2400 | D:2      | Reached XP level 5. HP: 32/47 MP: 5/5
  2441 | D:2      | Became a worshipper of Yredelemnul the Dark
  2441 | D:2      | Reached * piety under Yredelemnul
  2441 | D:2      | Reached ** piety under Yredelemnul
  2565 | D:2      | HP: 2/47 [orc wizard/dagger (4)]
  2566 | D:2      | Reached skill level 6 in Axes
  3280 | D:3      | Reached XP level 6. HP: 46/53 MP: 6/6
  4304 | D:4      | Found an iron altar of Okawaru.
  4304 | D:4      | Found a shattered altar of Ashenzari.
  4332 | D:4      | Reached skill level 5 in Fighting
  4703 | D:4      | Noticed a phantom
  4727 | D:4      | Noticed a phantom
  4895 | D:5      | Entered Level 5 of the Dungeon
  4984 | D:5      | Reached skill level 7 in Axes
  5144 | D:5      | Reached XP level 7. HP: 59/61 MP: 7/7
  5242 | D:5      | Slain by a sky beast

Vault maps used:
D:1:      mainiacjoe_arrival_reflecting_pool, nrook_loot_triangle
D:2:      lemuel_coloured_pillars_altar, chequers_ecumenical_altar_simple_redux,
          uniq_natasha
D:3:      first_ration
D:4:      grunt_temple_overflow_open, kennysheep_generic_room_11
D:5:      lemuel_upstairs_altar

Skill      XL: |  1  2  3  4  5  6 |
---------------+-------------------+-----
Armour         | 1 2 3 |  3.2
Fighting       | 4 5 |  5.2
Axes           | 5 6 7 |  7.1
Dodging        | 3 |  3.6
Stealth        | |  1.5

Action                   |  1- 3 |  4- 6 |  7- 9 || total
-------------------------+-------+-------+-------++-------
Melee: Hand axe          |    94 |   278 |    36 ||   408
  Use: Scroll            |     2 |     5 |       ||     7
       Potion            |     2 |     1 |       ||     3
 Stab: Sleeping          |     2 |       |       ||     2
  Eat: Chunk             |     1 |    12 |       ||    13
Armor: Robe              |     4 |       |       ||     4
       Scale mail        |    37 |    54 |       ||    91
       Skin              |     1 |       |       ||     1
       Chain mail        |       |    36 |    14 ||    50
Dodge: Dodged            |    47 |   114 |     5 ||   166

Table legend:
 A = Non-vault XP
 B = Vault XP
 C = Vault XP percentage of total XP
 D = Non-vault monster count
 E = Vault monster count
 F = Vault count percentage of total count
                 A         B        C        D         E       F
            +---------+---------+-------+---------+---------+-------
      Total |     630 |      35 |   5.3 |      80 |       1 |   1.2
            +---------+---------+-------+---------+---------+-------
        D:1 |      32 |       0 |   0.0 |      15 |       0 |   0.0
        D:2 |     233 |      35 |  13.1 |      26 |       1 |   3.7
        D:3 |      96 |       0 |   0.0 |      21 |       0 |   0.0
        D:4 |     182 |       0 |   0.0 |      14 |       0 |   0.0
        D:5 |      87 |       0 |   0.0 |       4 |       0 |   0.0
            +---------+---------+-------+---------+---------+-------
